 Dungeon Crawl Stone Soup version 0.26-a0-541-g3b3d21e777 (webtiles) character file.

Game seed: 1572118208183864641

91 Morbidden the Conjurer (level 4, 0/37 HPs)
             Began as a Naga Conjurer on Aug 16, 2020.
             Succumbed to an adder's poison
             ... on level 4 of the Dungeon.
             The game lasted 00:04:50 (2030 turns).

Morbidden the Conjurer (Naga Conjurer)              Turns: 2030, Time: 00:04:51

Health: 0/37       AC:  2    Str: 10    XL:     4   Next: 59%
Magic:  7/7        EV: 10    Int: 19    God:
Gold:   101        SH:  0    Dex:  9    Spells: 5/8 levels left

rFire    . . .     SeeInvis +   c - +1 dagger (venom)
rCold    . . .     Faith    .   (no shield)
rNeg     . . .     Spirit   .   a - +0 robe
rPois    +         Reflect  .   (no helmet)
rElec    .         Harm     .   (no cloak)
rCorr    .                      (no gloves)
MR       .....                  (no barding)
Stlth    +++.......             (no amulet)
HPRegen  0.12/turn              e - ring of stealth
MPRegen  0.10/turn              (no ring)

@: lethally poisoned (0 -> -1), flying, very slow
A: large, see invisible, deformed body, poison resistance, slowness 2, spit
poison 1, AC +1
a: Spit Poison


You were on level 4 of the Dungeon.
You visited 1 branch of the dungeon, and saw 3 of its levels.

You collected 101 gold pieces.

Inventory:

Hand Weapons
 c - a +1 dagger of venom (weapon)
Missiles
 f - 10 poisoned darts (quivered)
Armour
 a - a +0 robe (worn)
Jewellery
 e - a ring of stealth (left hand)
Scrolls
 b - 2 scrolls of identify
 d - 4 scrolls of remove curse


   Skills:
 * Level 0.9 Fighting
 + Level 0.5 Throwing
 + Level 1.6 Dodging
 + Level 3.3 Stealth
 * Level 2.5 Spellcasting
 + Level 5.1 Conjurations


You had 5 spell levels left.
You knew the following spells:

 Your Spells              Type           Power        Failure   Level
a - Magic Dart            Conj           ###.         1%          1
b - Searing Ray           Conj           ###...       3%          2

Your spell library contained the following spells:

 Spells                   Type           Power        Failure   Level
 Dazzling Flash           Conj/Hex       ##....       17%         3
 Fulminant Prism          Conj/Hex       ##........   50%         4
 Iskenderun's Mystic Bla  Conj/Tloc      ##......     50%         4


Dungeon Overview and Level Annotations

Branches:
Dungeon (2/15)

Altars:
Fedhas


Innate Abilities, Weirdness & Mutations

You cannot wear boots.
Your serpentine skin is tough. (AC +1)
You have supernaturally acute eyesight. (SInv)
Armour fits poorly on your strangely shaped body.
Your system is resistant to poisons. (rPois)
You cover ground very slowly.
You can spit poison.


Message History

You see here a knobbly granite ring.
e - a knobbly granite ring The centaur skeleton hits you.
* * * LOW HITPOINT WARNING * * *
Unknown command.
e - a ring of stealth (left hand)
The centaur skeleton hits you.
* * * LOW HITPOINT WARNING * * *
Unknown command.
* * * LOW HITPOINT WARNING * * *
You feel sick. The centaur skeleton hits you.
* * * LOW HITPOINT WARNING * * *
The centaur skeleton barely misses you.
Unknown command.
You completely miss the centaur skeleton.
The centaur skeleton is lightly damaged.
The centaur skeleton misses you.
You hit the centaur skeleton.
The centaur skeleton is moderately damaged.
You die...

. .. ... #....
...#.[#.#
..#......### .....
#...@#####
..#..##..#Z....#
........$......#
#.....####.....##..
.<........#....$....
#............####.
......####.....#
##... #.....# ##.
###.<....


You could see a centaur skeleton.

Vanquished Creatures
  2 adders
  2 worms (D:2)
  A dart slug (D:2)
  2 leopard geckos (D:1)
  2 giant cockroaches
  10 goblins
  10 hobgoblins
  4 jackals
  A quokka (D:2)
  2 ball pythons (D:2)
  4 bats
  6 frilled lizards
  4 kobolds
  A leopard gecko skeleton (D:4)
  10 rats
61 creatures vanquished.

Notes
Turn   | Place    | Note
-------+----------+-------------------------------------------
     0 | D:1      | Morbidden the Naga Conjurer began the quest for the Orb.
     0 | D:1      | Reached XP level 1. HP: 15/15 MP: 3/3
   203 | D:1      | Reached XP level 2. HP: 22/22 MP: 1/5
   207 | D:1      | Learned a level 2 spell: Searing Ray
   562 | D:1      | Reached XP level 3. HP: 24/28 MP: 0/6
  1356 | D:2      | Found a blossoming altar of Fedhas.
  1516 | D:2      | Reached XP level 4. HP: 37/37 MP: 3/7
  1678 | D:2      | Reached skill level 5 in Conjurations
  2006 | D:2      | You fall into a shaft and drop 2 floors!
  2027 | D:4      | HP: 1/37 [centaur skeleton (1)]
  2030 | D:4      | Succumbed to an adder's poison

Illustrated notes

Levels and vault maps discovered:
D:1:      dpeg_arrival_line_fractal, layout_loops_cross
D:2:      layout_loops_ring, fedhas_altar_1
D:4:      layout_rooms, minmay_temple_entry_offerings

Skill      XL: |  1  2  3  4 |
---------------+-------------+-----
Conjurations   | 5 |  5.1
Fighting       | |  0.9
Throwing       | |  0.5
Dodging        | |  1.6
Stealth        | |  3.3
Spellcasting   | |  2.5

Action                   |  1- 3 |  4- 6 || total
-------------------------+-------+-------++-------
Melee: Dagger            |    11 |     8 ||    19
Throw: Dart              |    11 |       ||    11
 Cast: Magic Dart        |    49 |    13 ||    62
       Searing Ray       |     2 |     1 ||     3
 Abil: Spit Poison       |    26 |    10 ||    36
  Use: Scroll            |       |     2 ||     2
       Potion            |       |     2 ||     2
 Stab: Sleeping          |       |     1 ||     1
Armor: Robe              |     2 |     2 ||     4
Dodge: Dodged            |     5 |     7 ||    12

Table legend: (Time is in decaauts)
 A = Elapsed time spent in this place.
 B = Non-inter-level travel time spent in this place.
 C = Inter-level travel time spent in this place.
 D = Time resting spent in this place.
 E = Time spent auto-exploring this place.
 F = Levels seen in this place.
 G = Mean time per level.
                   A        B        C        D        E       F      G
               +--------+--------+--------+--------+--------+-----+--------+
         Total |   2437 |   2344 |     93 |      0 |   2076 |   3 |  812.3 |
       Dungeon |   2437 |   2344 |     93 |      0 |   2076 |   3 |  812.3 |
               +--------+--------+--------+--------+--------+-----+--------+

Top non-repeatable levels by time:
     D:2: 1263 daAuts
     D:1: 1147 daAuts
     D:4: 26 daAuts
